 Dungeon Crawl Stone Soup version 0.21-a0-633-g4c047d5 (webtiles) character file.

39 mortelune the Skirmisher (level 3, 0/29 HPs)
             Began as a Formicid Abyssal Knight on Dec 28, 2017.
             Was a Believer of Lugonu.
             Succumbed to an adder's poison
             ... on level 2 of the Dungeon.
             The game lasted 00:04:12 (1521 turns).

mortelune the Skirmisher (Formicid Abyssal Knight)  Turns: 1521, Time: 00:04:13

Health: 0/29       AC:  7    Str: 15 (17) XL:     3   Next: 67%
Magic:  4/4        EV: 15    Int: 10 (11) God:    Lugonu [**....]
Gold:   29         SH:  4    Dex: 13 (15) Spells: 2/2 levels left

rFire    . . .     SeeInvis +   a - +1 hand axe
rCold    . . .     Gourm    .   k - +0 buckler
rNeg     . . .     Faith    .   g - +1 ring mail
rPois    .         Spirit   .   (helmet unavailable)
rElec    .         Reflect  .   h - +0 cloak
rCorr    .         Harm     .   (no gloves)
MR       .....                  (no boots)
Stlth    ++........             (no amulet)
HPRegen  0.09/turn              (no ring)
MPRegen  0.09/turn              (no ring)

@: agile, lethally poisoned (0 -> -2)
A: permanent stasis, dig shafts and tunnels, four strong arms, antennae 3
a: Dig, Shaft Self, Depart the Abyss, Bend Space, Renounce Religion


You were on level 2 of the Dungeon.
You worshipped Lugonu.
Lugonu was pleased with you.
You were not hungry.

You visited 1 branch of the dungeon, and saw 2 of its levels.
You visited the Abyss 1 time.

You collected 29 gold pieces.

Inventory:

Hand Weapons
 a - a +1 hand axe (weapon)
Armour
 b - a +0 leather armour
 g - a +1 ring mail (worn)
 h - a +0 cloak (worn)
 k - a +0 buckler (worn)
Scrolls
 j - a scroll of remove curse
Potions
 e - a potion of degeneration
Comestibles
 c - 2 rations
 f - 3 chunks of flesh


   Skills:
 + Level 3.6 Fighting
 * Level 2.8 Axes
 + Level 2.6 Armour
 - Level 0.8 Dodging
 * Level 1.0 Shields
 - Level 2.5 Invocations


You had 2 spell levels left.
You didn't know any spells.

Dungeon Overview and Level Annotations

Branches:
Dungeon (2/15)

Altars:


Innate Abilities, Weirdness & Mutations

You cannot be hasted, slowed, berserked, paralysed or teleported.
You can dig through walls and to a lower floor.
Your four strong arms can wield two-handed weapons with a shield.
You have a pair of large antennae on your head. (SInv)


Message History

You feel sick.
Found a stone staircase leading up.
* * * LOW HITPOINT WARNING * * *
You feel sick.
* * * LOW HITPOINT WARNING * * *
You feel sick.
Found a scale mail and a scroll labeled SIVI MIBLUNK.
* * * LOW HITPOINT WARNING * * *
You feel sick.
Found a large moonstone ring.
Found 23 stones.
Found an escape hatch in the ceiling.
As you read the scroll labeled SIVI MIBLUNK, it crumbles to dust.
It is a scroll of identify.
j - a scroll of remove curse
* * * LOW HITPOINT WARNING * * *
You feel sick.
As you read the scroll labeled TAHOEN URYOL, it crumbles to dust.
It is a scroll of enchant armour.
Your +0 ring mail glows green for a moment.
You die...

#.#####.#
#.#.# #.#.#
#.#.# #<#.#
#.#.# #
#.#.#
###.###=#.#
.....?[@<.#
........#.#
.(........#
....#######
###


There were no monsters in sight!

Vanquished Creatures
  An adder (D:2)
  A leopard gecko (D:1)
  3 bats
  2 giant cockroaches (D:1)
  3 goblins (D:1)
  5 hobgoblins
  2 jackals (D:2)
  3 frilled lizards
  5 kobolds
  2 rats (D:1)
27 creatures vanquished.

Notes
Turn   | Place    | Note
-------+----------+-------------------------------------------
     0 | Abyss:1  | mortelune the Formicid Abyssal Knight began the quest for the Orb.
     0 | Abyss:1  | Reached XP level 1. HP: 18/18 MP: 2/2
    19 | D:1      | Escaped the Abyss
   207 | D:1      | Reached XP level 2. HP: 18/24 MP: 3/3
  1074 | D:2      | Reached XP level 3. HP: 26/29 MP: 4/4
  1353 | D:2      | Reached ** piety under Lugonu
  1499 | D:2      | Reached skill level 1 in Shields
  1517 | D:2      | HP: 1/29 [poisoned by an adder]
  1521 | D:2      | Succumbed to an adder's poison

Vault maps used:
D:1:      roderic_crossed_star, minmay_misc_feat_tower, minmay_misc_feat_roman
D:2:      nicolae_overflow_hidden_temple, grunt_temple_overflow_open,
          uniq_crazy_yiuf_cottage

Skill      XL: |  1  2  3 |
---------------+----------+-----
Shields        | 1 |  1.0
Fighting       | |  3.6
Axes           | |  2.8
Armour         | |  2.6
Dodging        | |  0.8
Invocations    | |  2.5

Action                   || total
-------------------------++-------
Melee: Hand axe          ||    94
  Use: Potion            ||     3
       Scroll            ||     2
  Eat: Chunk             ||     2
Armor: Leather armour    ||     8
       Ring mail         ||    39
Dodge: Dodged            ||    60
Block: Buckler           ||     9

Table legend:
 A = Spawn XP
 B = Non-spawn XP
 C = Spawn XP percentage of total XP
 D = Spawn monster count
 E = Non-spawn monster count
 F = Spawn count percentage of total count
 G = Total turns spent on level
                    A         B        C        D         E        F      G
               +---------+---------+-------+---------+---------+-------+---------
         Total |       0 |      56 |   0.0 |       0 |      27 |   0.0 |  1521
               +---------+---------+-------+---------+---------+-------+---------
           D:1 |       0 |      28 |   0.0 |       0 |      16 |   0.0 |  1035
           D:2 |       0 |      28 |   0.0 |       0 |      11 |   0.0 |   467
               +---------+---------+-------+---------+---------+-------+---------
